 Dungeon Crawl Stone Soup version 0.26-a0-667-g92642533e4 (webtiles) character file.

Game seed: 17692173711465698708

15395 Notrik the Fighter (level 12, -5/120 HPs)
             Began as a Deep Dwarf Fighter on Oct 16, 2020.
             Was an Elder of Trog.
             Slain by an ogre
             ... wielding a +0 giant club
             ... led by an orc warlord
              (12 damage)
             ... on level 2 of the Orcish Mines on Oct 17, 2020.
             The game lasted 00:46:14 (10811 turns).

Notrik the Fighter (Deep Dwarf Fighter)            Turns: 10811, Time: 00:46:15

Health: -5/120     AC: 20    Str: 24    XL:     12   Next: 0%
Magic:  5/5        EV: 10    Int: 10    God:    Trog [****..]
Gold:   879        SH: 12    Dex: 12    Spells: 11/11 levels left

rFire    . . .     SeeInvis .   y - +1 hand axe (elec)
rCold    . . .     Faith    .   c - +1 kite shield
rNeg     . . .     Spirit   .   G - +0 plate armour
rPois    .         Reflect  .   F - +2 helmet
rElec    .         Harm     .   (no cloak)
rCorr    +         Rampage  .   E - +0 pair of gloves
MR       +....                  b - +0 pair of boots
Stlth    ..........             (no amulet)
HPRegen  0.00/turn              n - +4 ring of evasion
MPRegen  0.09/turn              f - ring of resist corrosion

@: non-regenerating, heavily drained
A: damage resistance, heal wounds, sense surroundings 2, no regeneration
a: Heal Wounds, Berserk, Trog's Hand, Brothers in Arms, Renounce Religion


You were on level 2 of the Orcish Mines.
You worshipped Trog.
Trog was greatly pleased with you.
You visited 3 branches of the dungeon, and saw 15 of its levels.
You also visited: Sewer.

You collected 1417 gold pieces.
You spent 538 gold pieces at shops.

Inventory:

Hand Weapons
 y - a +1 hand axe of electrocution (weapon)
   (You took it off an orc on level 4 of the Dungeon)
Missiles
 D - 7 throwing nets (quivered) {!f}
Armour
 b - a +0 pair of boots (worn)
   (You found it on level 7 of the Dungeon)
 c - a +1 kite shield (worn)
 E - a +0 pair of gloves (worn)
   (You found it on level 6 of the Dungeon)
 F - a +2 helmet (worn)
   (You found it on level 6 of the Dungeon)
 G - a +0 plate armour (worn)
   (You took it off an orc warrior on level 6 of the Dungeon)
Jewellery
 f - a ring of resist corrosion (right hand)
   (You found it on level 1 of the Dungeon)
 n - a +4 ring of evasion (left hand)
   (You found it on level 2 of the Dungeon)
Wands
 a - a wand of polymorph (4)
   (You found it on level 4 of the Dungeon)
 d - a wand of iceblast (13)
   (You found it on level 9 of the Dungeon)
 t - a wand of flame (17)
   (You found it on level 9 of the Dungeon)
 x - a wand of acid (11)
   (You found it on level 5 of the Dungeon)
 O - a wand of enslavement (3)
   (You found it on level 10 of the Dungeon)
Scrolls
 g - 3 scrolls of enchant armour
 h - 7 scrolls of remove curse {@r2}
 i - 3 scrolls of fog
 j - 3 scrolls of blinking
 l - 3 scrolls of enchant weapon
 m - 2 scrolls of magic mapping
 q - 2 scrolls of amnesia {unknown}
 w - 2 scrolls of immolation {unknown}
 A - a scroll of teleportation {@r4}
 B - 2 scrolls of noise {unknown}
 K - 2 scrolls of random uselessness {unknown}
Potions
 e - 4 potions of degeneration {!q}
 k - 12 potions of curing {@q1}
 p - 2 potions of invisibility
 r - 2 potions of resistance
 s - 2 potions of stabbing
 u - 4 potions of might
 v - 2 potions of flight
 z - 3 potions of lignification {!q}
 H - 2 potions of haste {@q3}
 I - a potion of berserk rage
 L - 2 potions of cancellation
 N - 2 potions of heal wounds {@q2}
 Q - a potion of mutation {!q}


   Skills:
 * Level 11.6(9.9) Fighting
 + Level 9.9(8.3) Axes
 + Level 10.2(8.6) Armour
 + Level 10.2(8.5) Shields


You had 11 spell levels left.
You didn't know any spells.
Your spell library was empty.

Dungeon Overview and Level Annotations

Branches:
Dungeon (12/15)            Temple (1/1) D:4            Lair (0/6) D:10
    Orc (2/2) D:9             Elf (0/3) Orc:2         Sewer (visited)

Altars:
Ashenzari
Cheibriados
Dithmenos
Elyvilon
Fedhas
Gozag
Hepliaklqana
Kikubaaqudgha
Makhleb
Nemelex Xobeh
Okawaru
Qazlal
Ru
Sif Muna
Trog
Uskayaw
Vehumet
Wu Jian
Xom
Yredelemnul
Zin
The Shining One
Beogh

Shops:
D:8 !   Orc:2 **

Annotations:
D:5 Prince Ribbit
D:9 3 runed translucent doors, exclusion: ice statue


Innate Abilities, Weirdness & Mutations

You are resistant to damage.
You can heal yourself by infusing magical energy.
You passively map the area around you.
You do not regenerate.


Message History

Lightning courses through the orc warrior!
You kill the orc warrior!
Trog accepts your kill.
You hit the orc sorcerer. You barely miss the hellwing. The hellwing hits you.
You block the hellwing's attack.
The orc sorcerer hits you with a +0 dagger.
* * * LOW HITPOINT WARNING * * *
You block the orc warrior's attack.
The orc wizard moves out of view.
You barely miss the orc sorcerer. You barely miss the hellwing.
An orc priest comes into view. It is wielding a +0 mace.
The hellwing barely misses you.
The hellwing hits you but does no damage.
The orc sorcerer hits you but does no damage.
The orc warrior hits you but does no damage.
An orc comes into view. It is wielding a +0 morningstar.
The orc priest shouts!
You hit the orc sorcerer.
Lightning courses through the orc sorcerer!
You hit the hellwing but do no damage. Lightning courses through the hellwing!
You slash the orc! Lightning courses through the orc!
You kill the orc!
Trog accepts your kill. You block the hellwing's attack. The hellwing hits you.
The orc sorcerer hits you but does no damage.
You block the orc warrior's attack. You block the ogre's attack.
You hit the orc sorcerer. You hit the hellwing. You hit the ogre.
You block the orc warrior's attack. You block the hellwing's attack.
The hellwing hits you.
* * * LOW HITPOINT WARNING * * *
The orc sorcerer barely misses you.
An orc comes into view.
You block the orc warrior's attack.
You hit the orc sorcerer. You barely miss the ogre. You hit the hellwing.
Lightning courses through the hellwing!!
The hellwing hits you.
* * * LOW HITPOINT WARNING * * *
The hellwing hits you but does no damage.
The orc warrior hits you from afar with a +0 trident!!
* * * LOW HITPOINT WARNING * * *
The orc sorcerer casts a spell.
You block the ogre's attack.
The orc warrior hits you from afar with a +0 trident!
* * * LOW HITPOINT WARNING * * *
Your magical essence is drained by the effort!
You feel much better. The hellwing closely misses you. The hellwing hits you.
You block the orc sorcerer's attack.
The orc warrior hits you from afar with a +0 trident!!
* * * LOW HITPOINT WARNING * * *
The ogre hits you with a +0 giant club!
You die...

, , * ,,* * #.... .## ## *
* * #.... ...## , .#. * ,
.**#.._., ......###..#.. *
..##.... ..........#.. ,
......o. ###........#... ,
.,....o.##.............. ,
, ...o#o4#.3..............
, , ,
#oooO@)).............. *,
..oo##.o.#)............. ,
, #,,* #..###)..).........
, ,, #..#####.........<.. ,
, ,* #..###.###...........
* #..###..)###....$..... ,,
*#..###.#)#4###..<.....# ,
##..###...#.o3###....)... ,
*##..###...###3oo###......#


You could see an orc warlord, a soul eater (summoned), a hellwing (summoned), an
orc sorcerer (strong), 2 orc warriors, an ogre, an orc priest (strong), 2 orc
wizards and 3 orcs.

Vanquished Creatures
  A stone giant (Orc:1)
  Harold (Orc:1)
  2 two-headed ogres
  The ghost of KennyOmg the Cleaver, a novice MiBe of Trog (D:7)
  Pikel (D:5)
  An orc knight (Orc:2)
  An orc sorcerer (Orc:2)
  A cyclops (D:11)
  A kobold demonologist (D:11)
  4 trolls (Orc:1)
  Grinder (D:5)
  A yak (D:10)
  2 chaos spawn (Orc:2)
  A neqoxec (Orc:2)
  2 steam dragons (D:11)
  A warg (Orc:1)
  3 water moccasins
  26 orc warriors
  A black bear (D:7)
  An ice beast (D:9)
  A sky beast (D:10)
  A phantom (D:6)
  An ogre (Orc:1)
  5 centaurs
  4 big kobolds
  7 bullfrogs
  Blork the orc (D:5)
  A wyvern zombie (D:6)
  A wyvern skeleton (D:11)
  5 scorpions
  6 killer bees (D:7)
  10 wights
  6 howler monkeys
  3 hounds
  5 quasits (D:7)
  4 bullfrog zombies
  2 bullfrog skeletons
  15 orc priests
  2 centaur skeletons
  5 jellies
  13 orc wizards
  3 iguanas
  Jessica (D:2)
  7 worker ants
  Terence (D:2)
  2 killer bee zombies
  A hound zombie (D:9)
  3 gnolls (D:5)
  5 adders
  A shadow imp (D:5)
  4 white imps
  An ooze (D:2)
  An adder zombie (D:9)
  4 adder skeletons
  2 worms
  4 dart slugs
  7 leopard geckos
  59 orcs
  A ball python (D:3)
  6 bats
  13 giant cockroaches
  4 goblins
  6 hobgoblins
  8 jackals
  A quokka (D:7)
  A ball python zombie (D:6)
  5 frilled lizards
  30 kobolds
  A leopard gecko zombie (D:6)
  A quokka skeleton (D:7)
  15 rats
349 creatures vanquished.

Vanquished Creatures (others)
  10 fungi (D:10)
  13 plants (D:10)
23 creatures vanquished.

Grand Total: 372 creatures vanquished

Notes
Turn   | Place    | Note
-------+----------+-------------------------------------------
     0 | D:1      | Notrik the Deep Dwarf Fighter began the quest for the Orb.
     0 | D:1      | Reached XP level 1. HP: 20/20 MP: 1/1
    94 | D:1      | Reached XP level 2. HP: 27/27 MP: 2/2
   147 | D:1      | Reached skill level 3 in Fighting
   432 | D:1      | Reached XP level 3. HP: 26/34 MP: 3/3
   959 | D:2      | Noticed Jessica
   963 | D:2      | Killed Jessica
  1041 | D:2      | Reached XP level 4. HP: 23/42 MP: 4/4
  1231 | D:2      | Found a sacrificial altar of Ru.
  1359 | D:2      | Noticed Terence
  1369 | D:2      | Killed Terence
  1572 | D:3      | Reached XP level 5. HP: 21/50 MP: 5/5
  1579 | D:3      | Found a glowing drain.
  1596 | D:3      | Reached skill level 4 in Fighting
  1602 | Sewer    | Entered a sewer
  1749 | Sewer    | Found a white marble altar of Elyvilon.
  1943 | D:3      | Found a faded altar of an unknown god.
  2445 | D:4      | Reached XP level 6. HP: 43/58 MP: 6/6
  2483 | D:4      | Found a staircase to the Ecumenical Temple.
  2497 | Temple   | Entered the Ecumenical Temple
  2683 | Temple   | Became a worshipper of Trog the Wrathful
  3034 | D:5      | Entered Level 5 of the Dungeon
  3038 | D:5      | Noticed Grinder
  3044 | D:5      | Paralysed by Grinder for 2 turns
  3064 | D:5      | Killed Grinder
  3064 | D:5      | Reached skill level 5 in Fighting
  3064 | D:5      | Reached skill level 5 in Armour
  3064 | D:5      | Reached XP level 7. HP: 50/67 MP: 6/6
  3085 | D:5      | Reached skill level 5 in Shields
  3092 | D:5      | Noticed Prince Ribbit
  3116 | D:5      | HP: 3/67 [Prince Ribbit (11)]
  3245 | D:5      | Noticed Pikel
  3259 | D:5      | Killed Pikel
  3259 | D:5      | Reached skill level 6 in Fighting
  3259 | D:5      | Reached skill level 5 in Axes
  3259 | D:5      | Reached XP level 8. HP: 45/78 MP: 7/7
  3336 | D:5      | Noticed Blork the orc
  3345 | D:5      | Killed Blork the orc
  3591 | D:5      | Got a transparent dagger
  3703 | D:6      | Identified the +6 dagger of Qagucrul {speed, Str+2 Dex+4
                  | Stlth+} (You found it on level 5 of the Dungeon)
  3711 | D:6      | Reached * piety under Trog
  3895 | D:6      | Reached skill level 7 in Fighting
  4093 | D:6      | Gained mutation: You passively map the area around you.
                  | [Deep Dwarf growth]
  4093 | D:6      | Reached XP level 9. HP: 44/86 MP: 7/7
  4481 | D:7      | Found a transporter.
  4762 | D:7      | Reached skill level 8 in Fighting
  4780 | D:7      | Reached ** piety under Trog
  4934 | D:7      | Found a transporter.
  4970 | D:7      | Noticed KennyOmg's ghost (novice MiBe)
  5273 | D:8      | Found Mickozudgh's Distillery.
  5338 | D:8      | Bought a potion of heal wounds for 70 gold pieces
  5338 | D:8      | Bought a potion of curing for 42 gold pieces
  5338 | D:8      | Bought 2 potions of curing for 84 gold pieces
  5338 | D:8      | Bought a potion of resistance for 140 gold pieces
  5882 | D:8      | Reached XP level 10. HP: 41/98 MP: 7/7
  6045 | D:9      | Got a jewelled whip
  6172 | D:9      | Reached skill level 9 in Fighting
  6233 | D:9      | Found a runed translucent door.
  6288 | D:9      | Found a staircase to the Orcish Mines.
  6424 | D:9      | Found a runed translucent door.
  6435 | D:9      | Found a runed translucent door.
  6621 | D:9      | Found a glowing silver altar of Zin.
  6756 | D:9      | Found a runed translucent door.
  6911 | D:9      | Noticed an ice statue
  7207 | D:10     | Entered Level 10 of the Dungeon
  7730 | D:10     | Reached *** piety under Trog
  8004 | D:10     | Found a staircase to the Lair.
  8293 | D:11     | Got a crude flail
  8676 | D:11     | Noticed a two-headed ogre
  8692 | D:11     | Killed a two-headed ogre
  8692 | D:11     | Reached skill level 10 in Fighting
  8701 | D:11     | Noticed a cyclops
  8719 | D:11     | Killed a cyclops
  8733 | D:11     | Reached XP level 11. HP: 52/109 MP: 8/8
  8989 | D:12     | Noticed a purple ugly thing
  9041 | D:12     | Noticed a six-headed hydra
  9041 | D:12     | Noticed a deep elf mage
  9677 | D:7      | Killed KennyOmg's ghost
  9964 | Orc:1    | Entered Level 1 of the Orcish Mines
 10025 | Orc:1    | Noticed Harold
 10111 | Orc:1    | Noticed a two-headed ogre
 10130 | Orc:1    | Killed a two-headed ogre
 10268 | Orc:1    | Killed Harold
 10273 | Orc:1    | Noticed a stone giant
 10310 | Orc:1    | Killed a stone giant
 10310 | Orc:1    | Reached skill level 11 in Fighting
 10428 | Orc:2    | Entered Level 2 of the Orcish Mines
 10428 | Orc:2    | Found a staircase to the Elven Halls.
 10465 | Orc:2    | Noticed an orc sorcerer
 10467 | Orc:2    | Noticed a sixfirhy
 10486 | Orc:2    | Reached **** piety under Trog
 10563 | Orc:2    | Found Duipoith's General Store.
 10563 | Orc:2    | Noticed an orc knight
 10571 | Orc:2    | Found Xuisk's General Store.
 10586 | Orc:2    | Killed an orc knight
 10597 | Orc:2    | Reached skill level 10 in Armour
 10608 | Orc:2    | Reached skill level 10 in Shields
 10644 | Orc:2    | Bought 2 potions of heal wounds for 150 gold pieces
 10644 | Orc:2    | Bought a scroll of magic mapping for 52 gold pieces
 10702 | Orc:2    | Noticed an orc sorcerer
 10713 | Orc:2    | Noticed an orc high priest
 10718 | Orc:2    | Noticed a soul eater
 10724 | Orc:2    | Noticed an orc high priest
 10725 | Orc:2    | Noticed a sun demon
 10728 | Orc:2    | HP: 1/111 [soul eater/drain life[an orc sorcerer] (19)]
 10764 | Orc:2    | Killed an orc sorcerer
 10795 | Orc:2    | Reached XP level 12. HP: 53/120 MP: 6/6
 10796 | Orc:2    | Found a roughly hewn altar of Beogh.
 10800 | Orc:2    | Noticed an orc warlord
 10810 | Orc:2    | HP: 5/120 [orc warrior/+0 trident[an orc warlord] (7)]
 10811 | Orc:2    | Slain by an ogre

Illustrated notes

Levels and vault maps discovered:
D:1:      psy_arrival_heroes, layout_basic, st_stairs_14, minivault_25
D:2:      cheibrodos_old_hovel, layout_basic, grunt_decor_resistance,
          nicolae_ru_sacrificial_ziggurat, uniq_jessica, uniq_terence
D:3:      layout_rooms, gup_sewer_entry_pipe, chequers_ecumenical_altar_simple
D:4:      layout_loops_cross, minmay_temple_entry_mini_moons
D:5:      layout_loops_ring, uniq_prince_ribbit1, uniq_grinder,
          uniq_blork_the_orc, uniq_pikel
D:6:      layout_basic, minmay_puff
D:7:      layout_loops_ring, gammafunk_ghost_stat_death
D:8:      layout_basic, serial_shops, shop
D:9:      layout_stronghold, zin_scriptorium, orc_0_dummy,
          minmay_statue_crystal_thing
D:10:     layout_layer_cave, grunt_lair_entry_orc_guard_hut
D:11:     cheibrodos_steamvent, layout_long_grid
D:12:     layout_rooms, serial_shops, shop,
          nicolae_gozag_cash_rules_everything_around_me
Temple:   kilobyte_greek_temple
Orc:1:    layout_diamond_mine, uniq_harold
Orc:2:    pf_orc_diabolical, layout_caves, basic_altar

Skill      XL: |  1  2  3  4  5  6  7  8  9 10 11 |
---------------+----------------------------------+-----
Fighting       | 3 4 5 6 7 8 10 11 | 11.6
Axes           | 3 4 5 6 7 8 9 |  9.9
Armour         | 4 5 6 7 9 10 | 10.2
Shields        | 4 5 6 7 9 10 | 10.2

Action                   |  1- 3 |  4- 6 |  7- 9 | 10-12 || total
-------------------------+-------+-------+-------+-------++-------
Melee: War axe           |   104 |   189 |       |       ||   293
       Hand axe          |       |    40 |    71 |   288 ||   399
       Dagger            |       |       |   498 |   631 ||  1129
Invok: Trog's Hand       |       |       |     2 |    10 ||    12
       Berserk           |       |       |       |     1 ||     1
 Abil: Heal Wounds       |       |     2 |    11 |    27 ||    40
  Use: Scroll            |       |     1 |     7 |    10 ||    18
       Potion            |       |     1 |     1 |     6 ||     8
 Stab: Sleeping          |       |       |     1 |       ||     1
Armor: Scale mail        |    50 |    78 |    56 |       ||   184
       Plate armour      |       |       |   162 |   411 ||   573
Dodge: Dodged            |    30 |    56 |    92 |   172 ||   350
Block: Kite shield       |    55 |   105 |   294 |   568 ||  1022

Table legend: (Time is in decaauts)
 A = Elapsed time spent in this place.
 B = Non-inter-level travel time spent in this place.
 C = Inter-level travel time spent in this place.
 D = Time resting spent in this place.
 E = Time spent auto-exploring this place.
 F = Levels seen in this place.
 G = Mean time per level.
                   A        B        C        D        E       F      G
               +--------+--------+--------+--------+--------+-----+--------+
         Total |  10682 |   9778 |    904 |    103 |   6219 |  16 |  667.6 |
       Dungeon |   9315 |   8514 |    801 |    103 |   5589 |  12 |  776.2 |
        Temple |    228 |    161 |     67 |      0 |    139 |   1 |  228.0 |
  Orcish Mines |    824 |    788 |     36 |      0 |    346 |   2 |  412.0 |
         Sewer |    314 |    314 |      0 |      0 |    144 |   1 |  314.0 |
               +--------+--------+--------+--------+--------+-----+--------+

Top non-repeatable levels by time:
     D:9: 1329 daAuts
    D:11: 1204 daAuts
    D:10: 1006 daAuts
     D:1: 960 daAuts
     D:7: 866 daAuts
     D:6: 792 daAuts
     D:8: 718 daAuts
     D:5: 672 daAuts
     D:4: 585 daAuts
     D:3: 580 daAuts
     D:2: 558 daAuts
   Orc:1: 505 daAuts
   Orc:2: 318 daAuts
   Sewer: 314 daAuts
  Temple: 228 daAuts
